 Dungeon Crawl Stone Soup version 0.20.1-1-g8b1a95d (webtiles) character file.

389 Gargoyl the Covered (level 6, -2/53 HPs)
             Began as a Minotaur Abyssal Knight on Aug 30, 2017.
             Was a Believer of Lugonu.
             Slain by a killer bee (7 damage)
             ... on level 4 of the Dungeon.
             The game lasted 00:05:08 (3440 turns).

Gargoyl the Covered (Minotaur Abyssal Knight)       Turns: 3440, Time: 00:05:09

Health: -2/53      AC:  4    Str: 18    XL:     6   Next: 49%
Magic:  6/7        EV:  6    Int:  9    God:    Lugonu [**....]
Gold:   265        SH:  0    Dex: 12    Spells: 5/5 levels left

rFire    + . .     SeeInvis .   a - +1 hand axe (flame)
rCold    . . .     Gourm    .   (no shield)
rNeg     . . .     Faith    .   k - +0 plate armour
rPois    .         Spirit   .   (helmet restricted)
rElec    .         Reflect  .   (no cloak)
rCorr    .         Harm     .   (no gloves)
MR       .....                  (no boots)
Stlth    ..........             (no amulet)
Regen    0.2/turn               b - ring of flight
MPRegen  0.1/turn               f - +2 ring of strength

@: lethally poisoned (-2 -> -12), corroded
A: retaliatory headbutt, horns 2, fire resistance 1, evolution 1
a: Depart the Abyss, Bend Space, Renounce Religion, Evoke Flight


You were on level 4 of the Dungeon.
You worshipped Lugonu.
Lugonu was pleased with you.
You were hungry.

You visited 1 branch of the dungeon, and saw 4 of its levels.
You visited the Abyss 1 time.

You collected 265 gold pieces.

Inventory:

Hand Weapons
 a - a +1 hand axe of flaming (weapon)
Armour
 k - a +0 plate armour (worn)
Jewellery
 b - a ring of flight (left hand)
 f - a +2 ring of strength (right hand)
Wands
 l - a wand of polymorph (8/24)
Scrolls
 i - 5 scrolls of remove curse
 o - a scroll of teleportation {unknown}
 p - a scroll of blinking {unknown}
 q - 2 scrolls of identify
Potions
 d - 3 potions of agility
 e - 2 potions of heal wounds {unknown}
 h - a potion of mutation
 j - a potion of ambrosia {unknown}
Comestibles
 c - 2 bread rations
 g - 4 fruits
 m - a royal jelly
 n - 4 meat rations


   Skills:
 + Level 4.6 Fighting
 + Level 5.0 Axes
 * Level 5.6 Armour
 + Level 1.7 Dodging
 * Level 2.9 Invocations


You had 5 spell levels left.
You didn't know any spells.

Dungeon Overview and Level Annotations

Branches:
Dungeon (4/15)             Temple (0/1) D:4

Altars:
Elyvilon
Makhleb
Nemelex Xobeh
Okawaru
Vehumet
Yredelemnul


Innate Abilities, Weirdness & Mutations

You reflexively headbutt those who attack you in melee.
You have a pair of horns on your head.
Your flesh is heat resistant. (rF+)
You evolve.


Message History

You hit the boggart. You burn the boggart.
The boggart is almost dead.
You barely miss the killer bee. You hit the jelly but do no damage.
Your hands burn!
* * * LOW HITPOINT WARNING * * *
The killer bee barely misses you.
The boggart hits you but does no damage.
The killer bee stings you.
* * * LOW HITPOINT WARNING * * *
The boggart hits you but does no damage.
The jelly barely misses you.
It was a potion of mutation.
You feel extremely strange.
You feel resistant to heat.
You feel nature experimenting on you.
Don't worry, failures die fast.
The killer bee stings you but does no damage.
The worker ant bites you.
* * * LOW HITPOINT WARNING * * *
You are lethally poisoned!
The worker ant poisons you! The killer bee stings you!
You die...

#........# .........##
#.#......#
###.........###........#
.'.........+...........
#.........# #......#.#
#.......# #.#.##.#.#
#.....# #.#.##.#.#


#gya# #........# #@# ###.###### ####J# #.# #....#########.# #..............#
#.....########## ....#.....# ###.#....## ....#.## ##.##### You could see a
boggart, a jelly, a worker ant and a killer bee.

Vanquished Creatures
  A water moccasin skeleton (D:4)
  2 killer bees (D:4)
  An orc wizard (D:3)
  A bullfrog skeleton (D:4)
  A worker ant (D:4)
  3 gnolls (D:4)
  3 adders
  An adder skeleton (D:4)
  4 worms
  3 dart slugs
  4 leopard geckos
  15 orcs (D:3)
  2 ball pythons
  6 giant cockroaches
  5 goblins
  6 hobgoblins
  7 kobolds
  5 bats
  5 frilled lizards
  5 rats
80 creatures vanquished.

Notes
Turn   | Place    | Note
-------+----------+-------------------------------------------
     0 | Abyss:1  | Gargoyl the Minotaur Abyssal Knight began the quest for the Orb.
     0 | Abyss:1  | Reached XP level 1. HP: 19/19 MP: 1/1
    54 | Abyss:3  | Found a corrupted altar of Lugonu.
    92 | Abyss:3  | Noticed a shadow
   106 | Abyss:3  | Noticed a large abomination
   111 | Abyss:3  | Noticed a raiju
   111 | Abyss:3  | Noticed a large abomination
   111 | Abyss:3  | Noticed a shining eye
   111 | Abyss:3  | Noticed an orange demon
   113 | Abyss:3  | Noticed a ynoxinul
   113 | Abyss:4  | Found a corrupted altar of Lugonu.
   119 | D:1      | Escaped the Abyss
   444 | D:1      | Reached XP level 2. HP: 20/27 MP: 2/2
   583 | D:1      | Reached * piety under Lugonu
   950 | D:2      | Found an iron altar of Okawaru.
  1067 | D:2      | Reached XP level 3. HP: 33/33 MP: 3/3
  1109 | D:2      | Found a radiant altar of Vehumet.
  1109 | D:2      | Found a basalt altar of Yredelemnul.
  1109 | D:2      | Found a sparkling altar of Nemelex Xobeh.
  1109 | D:2      | Found an iron altar of Okawaru.
  1116 | D:2      | Found a white marble altar of Elyvilon.
  1116 | D:2      | Found a burning altar of Makhleb.
  2136 | D:3      | Reached XP level 4. HP: 25/41 MP: 4/4
  2541 | D:3      | Reached ** piety under Lugonu
  2788 | D:3      | Reached XP level 5. HP: 35/47 MP: 5/5
  3053 | D:4      | Found a staircase to the Ecumenical Temple.
  3322 | D:4      | Reached skill level 5 in Armour
  3357 | D:4      | Reached XP level 6. HP: 53/53 MP: 6/6
  3436 | D:4      | Reached skill level 5 in Axes
  3440 | D:4      | Gained mutation: Your flesh is heat resistant. (rF+) [potion of mutation]
  3440 | D:4      | Gained mutation: You evolve. [potion of mutation]
  3440 | D:4      | Slain by a killer bee

Skill      XL: |  1  2  3  4  5  6 |
---------------+-------------------+-----
Fighting       | 4 |  4.6
Armour         | 3 4 5 |  5.6
Axes           | 3 4 5 |  5.0
Invocations    | 2 |  2.9
Dodging        | |  1.7

Action                   |  1- 3 |  4- 6 || total
-------------------------+-------+-------++-------
Melee: Hand axe          |    75 |    96 ||   171
       Headbutt          |     7 |    18 ||    25
Invok: Depart the Abyss  |     1 |       ||     1
Evoke: Wand              |       |     1 ||     1
  Use: Scroll            |     6 |       ||     6
       Potion            |       |     1 ||     1
  Eat: Chunk             |     4 |     3 ||     7
Armor: Leather armour    |    13 |       ||    13
       Plate armour      |    17 |    68 ||    85
       Ring mail         |     8 |       ||     8
Dodge: Dodged            |    45 |    39 ||    84
